 Dungeon Crawl Stone Soup version 0.20.2-3-g29329e0561 (webtiles) character file.

1318 Alfie the Slasher (level 8, -1/69 HPs)
             Began as a Minotaur Fighter on Nov 12, 2020.
             Slain by a hornet zombie (3 damage)
             ... in an ossuary.
             The game lasted 00:10:33 (3817 turns).

Alfie the Slasher (Minotaur Fighter)                Turns: 3817, Time: 00:10:34

Health: -1/69      AC:  9    Str: 22    XL:     8   Next: 33%
Magic:  7/7        EV:  9    Int:  7    God:
Gold:   273        SH: 11    Dex: 11    Spells: 7/7 levels left

rFire    . . .     SeeInvis .   a - +0 long sword
rCold    . . .     Gourm    .   c - +0 shield
rNeg     . . .     Faith    .   b - +0 scale mail
rPois    .         Spirit   .   (helmet restricted)
rElec    .         Reflect  .   (no cloak)
rCorr    .         Harm     .   m - +0 pair of gloves
MR       .....                  (no boots)
Stlth    ..........             (no amulet)
Regen    0.3/turn               (no ring)
MPRegen  0.1/turn               (no ring)

@: no status effects
A: retaliatory headbutt, hooves 1, horns 2, clever 1, evolution 1
a: no special abilities


You were in an ossuary.
You were not hungry.

You visited 1 branch of the dungeon, and saw 6 of its levels.
You also visited: Ossuary.

You collected 273 gold pieces.

Inventory:

Hand Weapons
 a - a +0 long sword (weapon)
Missiles
 t - 2 tomahawks (quivered)
Armour
 b - a +0 scale mail (worn)
 c - a +0 shield (worn)
 m - a +0 pair of gloves (worn)
Jewellery
 o - a cursed ring of teleportation {unknown}
 r - an uncursed amulet of regeneration {unknown}
Wands
 g - a wand of clouds (7/9)
 h - a wand of polymorph (15/24)
 u - a wand of iceblast (4/15)
Scrolls
 e - 9 scrolls of remove curse
 k - 3 scrolls of identify
 q - a scroll of recharging {unknown}
 y - a scroll of torment {unknown}
 A - 3 scrolls of vulnerability {unknown}
Potions
 d - 2 potions of might
 i - a potion of agility {unknown}
 n - a potion of lignification {unknown}
 p - a potion of haste {unknown}
 s - 3 potions of ambrosia {unknown}
 v - 2 potions of heal wounds {unknown}
 w - a potion of cancellation {unknown}
 x - a potion of magic {unknown}
 z - a potion of curing
 B - a potion of mutation
 C - a potion of degeneration {unknown}
Books
 j - a book of Flames

   Spells                             Type                      Level
   a - Flame Tongue                   Conjuration/Fire             1
   b - Throw Flame                    Conjuration/Fire             2
   c - Conjure Flame                  Conjuration/Fire             3
   d - Inner Flame                    Hexes/Fire                   3
   e - Sticky Flame                   Conjuration/Fire             4
   f - Fireball                       Conjuration/Fire             5
Comestibles
 f - 3 bread rations
 l - 2 meat rations


   Skills:
 + Level 5.6 Fighting
 + Level 7.3 Long Blades
 + Level 6.5 Armour
 + Level 3.1 Dodging
 + Level 0.3 Stealth
 + Level 7.1 Shields
 + Level 0.1 Evocations


You had 7 spell levels left.
You didn't know any spells.

Dungeon Overview and Level Annotations

Branches:
Dungeon (6/15)             Temple (0/1) D:5

Altars:
Cheibriados
Fedhas
Makhleb
Okawaru
Vehumet

Annotations:
D:4 exclusion: statue


Innate Abilities, Weirdness & Mutations

You reflexively headbutt those who attack you in melee.
You have a pair of horns on your head.
You have large cloven feet.
Your mind is acute. (Int +2)
You evolve.


Message History

Your feet thicken and deform.
You block the mummy's attack.
There is an open door here.
You slash the mummy! You kick the mummy.
The mummy is severely damaged.
You block the mummy's attack.
You hit the mummy. You kick the mummy. You headbutt the mummy.
You destroy the mummy!
A mummy comes into view.
A hornet zombie comes into view.
The mummy hits you but does no damage. You block the hornet zombie's attack.
You completely miss the mummy. You kick the mummy.
The mummy is lightly damaged.
The hornet zombie barely misses you. The mummy hits you!
* * * LOW HITPOINT WARNING * * *
Your shield and scale mail prevent you from hitting the mummy.
You kick the mummy, but do no damage. You headbutt the mummy!
The mummy is heavily damaged.
You block the hornet zombie's attack. The hornet zombie hits you.
You die...

#+# +.. #.# +.# #.#
## +.# .#
###.#####Z#####≈≈#
#.'.....@M.≈≈≈.≈..
###.#####'#####.≈##
#.'.#..∩#.#...#≈≈P#
###.#.∩.###...#≈≈≈#
#.'.#...#.#...#...
###.##'##'##'##.###
#.'.............'.#
###'#'#'#'#'#'#'###
#.#.#.#.#.#.#.#


You could see a mummy and a hornet zombie.

Vanquished Creatures
  3 ogres
  A wyvern zombie (Ossuary)
  4 wights (D:6)
  2 centaur zombies (Ossuary)
  4 bullfrog zombies
  2 hounds (D:4)
  2 orc priests (D:5)
  A jelly (D:5)
  A centaur skeleton (D:5)
  An iguana (D:4)
  A worker ant (D:5)
  3 orc wizards
  6 mummies (Ossuary)
  2 howler monkey zombies
  2 worker ant zombies (Ossuary)
  5 adders
  A gnoll (D:1)
  A river rat (D:3)
  2 oozes
  An adder skeleton (D:5)
  2 worms
  2 dart slugs
  3 leopard geckos
  10 orcs
  8 bats
  3 giant cockroaches
  3 goblins
  9 hobgoblins
  10 jackals
  7 kobolds
  2 quokkas
  2 ball pythons
  5 frilled lizards
  A leopard gecko skeleton (D:4)
  A leopard gecko zombie (Ossuary)
  A quokka zombie (Ossuary)
  7 rats
121 creatures vanquished.

Vanquished Creatures (others)
  3 withered plants (Ossuary)
3 creatures vanquished.

Grand Total: 124 creatures vanquished

Notes
Turn   | Place    | Note
-------+----------+-------------------------------------------
     0 | D:1      | Alfie the Minotaur Fighter began the quest for the Orb.
     0 | D:1      | Reached XP level 1. HP: 19/19 MP: 0/0
   130 | D:1      | Reached XP level 2. HP: 23/27 MP: 1/1
   366 | D:1      | Reached XP level 3. HP: 21/33 MP: 2/2
  1101 | D:2      | Reached XP level 4. HP: 40/40 MP: 3/3
  1127 | D:2      | Found an iron altar of Okawaru.
  1327 | D:3      | Noticed an ogre
  1339 | D:3      | Killed an ogre
  1339 | D:3      | Reached skill level 1 in Dodging
  1339 | D:3      | Reached skill level 5 in Shields
  1339 | D:3      | Reached XP level 5. HP: 47/47 MP: 4/4
  1692 | D:3      | Noticed an ogre
  1699 | D:3      | Killed an ogre
  1699 | D:3      | Reached XP level 6. HP: 53/53 MP: 5/5
  2256 | D:4      | Found a radiant altar of Vehumet.
  2298 | D:4      | Found a blossoming altar of Fedhas.
  2434 | D:4      | Reached skill level 5 in Long Blades
  2457 | D:4      | Found a burning altar of Makhleb.
  2480 | D:5      | Entered Level 5 of the Dungeon
  2628 | D:5      | Reached skill level 5 in Armour
  2742 | D:5      | Found a staircase to the Ecumenical Temple.
  2767 | D:5      | Reached skill level 5 in Fighting
  2904 | D:5      | Reached XP level 7. HP: 30/61 MP: 6/6
  2970 | D:5      | Found a snail-covered altar of Cheibriados.
  3554 | D:6      | Found a sand-covered staircase.
  3564 | Ossuary  | Entered an ossuary
  3723 | Ossuary  | Reached XP level 8. HP: 17/68 MP: 7/7
  3806 | Ossuary  | Gained mutation: Your mind is acute. (Int +2) [potion of mutation]
  3806 | Ossuary  | Gained mutation: You evolve. [potion of mutation]
  3806 | Ossuary  | Gained mutation: You have large cloven feet. [potion of mutation]
  3816 | Ossuary  | HP: 1/69 [mummy (9)]
  3817 | Ossuary  | Slain by a hornet zombie

Skill      XL: |  1  2  3  4  5  6  7  8 |
---------------+-------------------------+-----
Armour         | 4 5 6 |  6.5
Shields        | 4 5 6 7 |  7.1
Fighting       | 4 5 |  5.6
Long Blades    | 3 4 5 6 7 |  7.3
Dodging        | 1 2 3 |  3.1
Stealth        | |  0.3
Evocations     | |  0.1

Action                   |  1- 3 |  4- 6 |  7- 9 || total
-------------------------+-------+-------+-------++-------
Melee: Long sword        |    86 |   120 |   160 ||   366
       Headbutt          |     8 |    29 |    43 ||    80
       Kick              |       |       |     4 ||     4
Evoke: Wand              |       |     2 |       ||     2
  Use: Scroll            |     2 |     3 |     1 ||     6
       Potion            |       |       |     3 ||     3
  Eat: Bread ration      |       |     2 |     1 ||     3
Armor: Scale mail        |    55 |    35 |    65 ||   155
Dodge: Dodged            |    30 |    35 |    57 ||   122
Block: Shield            |    57 |    71 |    79 ||   207
       Rpst.: Long sword |     9 |     8 |    17 ||    34
